 Dungeon Crawl Stone Soup version 0.20.1-1-g8b1a95d (console) character file.

9280 Dracolily the Carver (level 11, -3/61 HPs)
             Began as a Deep Elf Skald on July 29, 2017.
             Was an Elder of Okawaru.
             Killed from afar by an ice statue (22 damage)
             ... with a shard of ice
             ... in an ice cave.
             The game lasted 00:37:01 (12440 turns).

Dracolily the Carver (Deep Elf Skald)              Turns: 12440, Time: 00:37:01

Health: -3/61      AC:  9    Str: 10    XL:     11   Next: 21%
Magic:  0/23       EV: 15    Int: 19    God:    Okawaru [****..]
Gold:   381        SH:  5    Dex: 15    Spells: 12/24 levels left

rFire    . . .     SeeInvis .   i - +2 double sword (flame)
rCold    + + .     Gourm    .   a - +0 buckler
rNeg     . . .     Faith    .   v - +3 leather armour of Acwath {+Inv}
rPois    .         Spirit   +   s - +0 helmet
rElec    .         Reflect  .   (no cloak)
rCorr    .         Harm     .   G - +0 pair of gloves
MR       +....                  L - +0 pair of boots
Stlth    +.........             l - amulet of guardian spirit
Regen    0.2/turn               p - ring of protection from cold
MPRegen  0.2/turn               K - ring of protection from cold

@: no status effects
A: no striking features
a: Heroism, Renounce Religion, Evoke Invisibility


You were in an ice cave.
You worshipped Okawaru.
Okawaru was greatly pleased with you.
You were not hungry.

You visited 3 branches of the dungeon, and saw 12 of its levels.
You also visited: Ice Cave.

You collected 656 gold pieces.
You spent 275 gold pieces at shops.

Inventory:

Hand Weapons
 i - a +2 double sword of flaming (weapon)
Armour
 a - a +0 buckler (worn)
 s - a +0 helmet (worn)
 v - the +3 leather armour of Acwath (worn) {+Inv}
   (You found it on level 5 of the Dungeon)

   It lets you turn invisible.
 E - +0 steam dragon scales
 G - a +0 pair of gloves (worn)
 L - a +0 pair of boots (worn)
Jewellery
 b - an uncursed ring of protection from magic
 h - a +1 ring of protection
 l - an amulet of guardian spirit (around neck)
 p - a ring of protection from cold (left hand)
 K - a ring of protection from cold (right hand)
Wands
 q - a wand of flame (46/48)
 r - a wand of random effects (22/48)
 B - a wand of random effects (30/48)
 C - a wand of flame (25/48)
 H - a wand of flame (19/48)
Scrolls
 j - a scroll of amnesia
 k - a scroll of identify
 m - 5 scrolls of teleportation
 t - 2 scrolls of fog
 u - a scroll of remove curse
 y - a scroll of vulnerability
 z - 2 scrolls of blinking
 M - a scroll of fear
Potions
 e - 2 potions of haste
 g - 6 potions of curing
 w - a potion of ambrosia {unknown}
 A - a potion of magic
 J - a potion of berserk rage {unknown}
 N - a potion of flight {unknown}
Books
 c - a book of Battle

   Spells                             Type                      Level
   a - Infusion                       Charms                       1
   b - Shroud of Golubria             Charms/Translocation         2
   c - Song of Slaying                Charms                       2
   d - Spectral Weapon                Hexes/Charms                 3
   e - Regeneration                   Charms/Necromancy            3
 x - a book of Minor Magic

   Spells                             Type                      Level
   a - Magic Dart                     Conjuration                  1
   b - Blink                          Translocation                2
   c - Call Imp                       Summoning                    2
   d - Slow                           Hexes                        2
   e - Conjure Flame                  Conjuration/Fire             3
   f - Mephitic Cloud                 Conjuration/Poison/Air       3
 F - a book of Misfortune

   Spells                             Type                      Level
   a - Confusing Touch                Hexes                        1
   b - Confuse                        Hexes                        3
   c - Gell's Gravitas                Translocation                3
   d - Petrify                        Transmutation/Earth          4
   e - Metabolic Englaciation         Hexes/Ice                    5
   f - Yara's Violent Unravelling     Hexes/Transmutation          5
 I - a book of Clouds

   Spells                             Type                      Level
   a - Poisonous Vapours              Poison/Air                   2
   b - Mephitic Cloud                 Conjuration/Poison/Air       3
   c - Conjure Flame                  Conjuration/Fire             3
   d - Freezing Cloud                 Conjuration/Ice/Air          6
   e - Ring of Flames                 Charms/Fire                  7
Comestibles
 d - 12 bread rations
 n - 6 meat rations
 o - 3 royal jellies


   Skills:
 - Level 4.1 Fighting
 * Level 10.8 Long Blades
 - Level 2.0 Armour
 - Level 6.2 Dodging
 - Level 4.0 Shields
 - Level 7.0 Spellcasting
 + Level 2.1 Conjurations
 - Level 3.0 Hexes
 - Level 8.0 Charms
 - Level 3.0 Necromancy
 - Level 4.0 Translocations
 - Level 4.0 Invocations


You had 12 spell levels left.
You knew the following spells:

 Your Spells              Type           Power        Failure   Level  Hunger
a - Infusion              Chrm           ####         1%          1    None
b - Spectral Weapon       Hex/Chrm       ####....     4%          3    #......
c - Regeneration          Chrm/Necr      ####......   4%          3    #......
d - Conjure Flame         Conj/Fire      ##......     26%         3    #......
B - Blink                 Tloc           N/A          3%          2    None


Dungeon Overview and Level Annotations

Branches:
Dungeon (10/15)            Temple (1/1) D:7            Lair (1/6) D:9
    Orc (0/2) D:10

Altars:
Ashenzari
Cheibriados
Dithmenos
Elyvilon
Fedhas
Gozag
Hepliaklqana
Kikubaaqudgha
Makhleb
Nemelex Xobeh
Okawaru
Qazlal
Ru
Sif Muna
Trog
Uskayaw
Vehumet
Xom
Yredelemnul
Zin
The Shining One

Shops:
D:7 =   D:9 %

Annotations:
IceCv exclusion: 3 ice statues


Message History

* * * LOW HITPOINT WARNING * * *
The ice beast barely misses you. The ice beast misses you.
The ice beast hits you.
* * * LOW HITPOINT WARNING * * *
The ice beast freezes you. You resist.
* * * LOW HITPOINT WARNING * * *
The ice beast misses you.
Unknown command.
You feel much better.
You are engulfed in freezing vapours.
You resist.
The ice beast hits you but does no damage. x2
The ice beast barely misses you.
The ice beast hits you but does no damage.
You hit the ice statue but do no damage.
The ice statue is almost destroyed.
You are engulfed in freezing vapours.
You resist.
The ice beast completely misses you. x2; The ice beast hits you.
The ice beast freezes you. You resist. You block the ice beast's attack.
The ice statue gestures at you. The shard of ice hits you!
You partially resist.
You die...

############# ######
##....8#[)(..## ##.....
##......#!.....###......
#.......#.......#.......
#......Y#§......#.......
8......§†§.........∩..∩.
#.....YY#§......#.......
#.....YY#.......#.......
##...YY@#!.....###......
##.§§Y8#(....## ##.....
############# ######


You could see 3 ice statues and 8 ice beasts.

Vanquished Creatures
  Nergalle (Lair:1)
  2 ugly things
  A troll (D:10)
  A merfolk (D:9)
  2 hornets
  Grinder (D:3)
  Prince Ribbit (D:6)
  4 hippogriffs
  2 steam dragons
  2 water moccasins
  8 ice beasts
  5 orc warriors
  A black bear (D:5)
  2 phantoms
  3 sky beasts
  3 ogres
  A crocodile (D:10)
  2 centaurs
  A big kobold (D:9)
  9 bullfrogs
  3 gnoll sergeants
  A wyvern skeleton (D:9)
  2 scorpions
  3 wights
  3 howler monkeys
  3 bullfrog zombies
  A crimson imp (D:6)
  9 hounds
  7 orc priests
  2 centaur zombies
  2 bullfrog skeletons
  2 jellies
  15 orc wizards
  5 centaur skeletons
  3 iguanas
  Terence (D:3)
  Ijyb (D:3)
  7 worker ants
  A hound zombie (D:5)
  2 hound skeletons
  Robin (D:3)
  A worker ant zombie (D:6)
  10 gnolls
  9 adders
  A shadow imp (D:9)
  3 oozes
  2 adder zombies
  An adder skeleton (D:4)
  2 worms (D:2)
  2 dart slugs
  8 leopard geckos
  46 orcs
  4 bats
  5 giant cockroaches
  10 hobgoblins
  19 jackals
  9 quokkas
  2 ball pythons
  5 frilled lizards
  14 goblins
  16 kobolds
  A leopard gecko skeleton (D:8)
  A quokka skeleton (D:6)
  A quokka zombie (D:7)
  5 rats
303 creatures vanquished.

Vanquished Creatures (others)
  A bullfrog (D:7)
  An orc wizard (D:7)
  7 spectral weapons
9 creatures vanquished.

Grand Total: 312 creatures vanquished

Notes
Turn   | Place    | Note
-------+----------+-------------------------------------------
     0 | D:1      | Dracolily the Deep Elf Skald began the quest for the Orb.
     0 | D:1      | Reached XP level 1. HP: 12/12 MP: 6/6
   121 | D:1      | Reached skill level 2 in Long Blades
   308 | D:1      | Reached XP level 2. HP: 9/16 MP: 5/8
   650 | D:1      | Reached skill level 5 in Charms
   933 | D:1      | Reached XP level 3. HP: 20/20 MP: 6/9
  1086 | D:2      | Learned a level 3 spell: Spectral Weapon
  1604 | D:2      | Reached skill level 3 in Long Blades
  1760 | D:2      | Reached XP level 4. HP: 7/25 MP: 8/10
  1782 | D:2      | Learned a level 3 spell: Regeneration
  2550 | D:3      | Noticed Grinder
  2667 | D:3      | Noticed Ijyb
  2694 | D:3      | Killed Ijyb
  2694 | D:3      | Reached XP level 5. HP: 19/29 MP: 3/11
  2849 | D:3      | Found an opulent altar of Gozag.
  3052 | D:3      | Noticed Robin
  3065 | D:3      | Killed Robin
  3297 | D:3      | Noticed Terence
  3324 | D:3      | Killed Terence
  3324 | D:3      | Reached skill level 4 in Long Blades
  3852 | D:4      | Reached skill level 1 in Hexes
  3877 | D:4      | Reached skill level 1 in Necromancy
  3877 | D:4      | Reached XP level 6. HP: 29/34 MP: 2/12
  4227 | D:4      | Found a stormy altar of Qazlal.
  4344 | D:4      | Learned a level 2 spell: Blink
  4547 | D:5      | Entered Level 5 of the Dungeon
  4571 | D:5      | Reached skill level 5 in Long Blades
  4614 | D:5      | Reached skill level 1 in Translocations
  4614 | D:5      | Reached XP level 7. HP: 38/38 MP: 6/13
  5336 | D:5      | Reached skill level 6 in Long Blades
  5409 | D:5      | Got a twisted leather armour
  5420 | D:5      | Identified the +3 leather armour of Acwath {+Inv} (You found it on level 5 of the Dungeon)
  5686 | D:5      | Reached XP level 8. HP: 38/43 MP: 10/14
  5696 | D:5      | Found a hazy altar of Hepliaklqana.
  6002 | D:6      | Noticed Prince Ribbit
  6556 | D:6      | Noticed a hippogriff
  6566 | D:6      | Killed a hippogriff
  6566 | D:6      | Reached skill level 7 in Long Blades
  7066 | D:6      | Killed Prince Ribbit
  7125 | D:7      | Reached XP level 9. HP: 42/50 MP: 13/17
  7211 | D:7      | Found a radiant altar of Vehumet.
  7275 | D:7      | Reached skill level 8 in Long Blades
  7449 | D:7      | Found Riuhoen's Jewellery Emporium.
  7452 | D:7      | Bought an uncursed ring of protection from magic for 275 gold pieces
  7563 | D:7      | Reached skill level 5 in Spellcasting
  7715 | D:7      | Found a staircase to the Ecumenical Temple.
  7851 | Temple   | Entered the Ecumenical Temple
  8104 | Temple   | Became a worshipper of Warmaster Okawaru
  8129 | D:7      | Identified a scroll of acquirement
  8366 | D:3      | Killed Grinder
  8556 | D:7      | Reached skill level 1 in Armour
  8807 | D:7      | Reached * piety under Okawaru
  8807 | D:7      | Reached skill level 1 in Shields
  9207 | D:7      | Reached skill level 1 in Invocations
  9639 | D:7      | Reached skill level 9 in Long Blades
  9693 | D:8      | Reached XP level 10. HP: 48/56 MP: 19/22
  9990 | D:8      | Noticed a white ugly thing
  9999 | D:8      | Killed a white ugly thing
 10251 | D:9      | Reached ** piety under Okawaru
 10387 | D:9      | Found Votzef's Food Boutique.
 10453 | D:9      | Found a burning altar of Makhleb.
 10453 | D:9      | Noticed a green death
 10672 | D:9      | Found a staircase to the Lair.
 10702 | D:9      | You fall through a shaft!
 10702 | D:10     | Entered Level 10 of the Dungeon
 11042 | D:10     | Reached skill level 10 in Long Blades
 11313 | D:9      | Reached *** piety under Okawaru
 11861 | D:10     | Reached skill level 5 in Dodging
 11904 | D:10     | Found a staircase to the Orcish Mines.
 12097 | Lair:1   | Entered Level 1 of the Lair of Beasts
 12105 | Lair:1   | Noticed Nergalle
 12115 | Lair:1   | Killed Nergalle
 12115 | Lair:1   | Reached **** piety under Okawaru
 12115 | Lair:1   | Reached XP level 11. HP: 61/61 MP: 16/23
 12249 | Lair:1   | Learned a level 3 spell: Conjure Flame
 12250 | Lair:1   | Found a frozen archway.
 12259 | IceCv    | Entered an ice cave
 12267 | IceCv    | Reached skill level 1 in Conjurations
 12317 | IceCv    | Noticed a white ugly thing
 12323 | IceCv    | Killed a white ugly thing
 12440 | IceCv    | Killed from afar by an ice statue

Skill      XL: |  1  2  3  4  5  6  7  8  9 10 11 |
---------------+----------------------------------+-----
Long Blades    | 2 3 4 5 6 7 9 10 | 10.8
Charms         | 5 6 7 8 |  8.0
Hexes          | 1 2 3 |  3.0
Necromancy     | 1 2 3 |  3.0
Translocations | 1 3 4 |  4.0
Fighting       | 3 4 |  4.1
Spellcasting   | 4 7 |  7.0
Armour         | 2 |  2.0
Shields        | 2 4 |  4.0
Invocations    | 2 4 |  4.0
Dodging        | 5 6 |  6.2
Conjurations   | 2 |  2.1

Action                   |  1- 3 |  4- 6 |  7- 9 | 10-12 || total
-------------------------+-------+-------+-------+-------++-------
Melee: Falchion          |    98 |   186 |       |       ||   284
       Long sword        |       |       |   229 |       ||   229
       Double sword      |       |       |    81 |   267 ||   348
 Cast: Infusion          |    16 |       |       |       ||    16
       Spectral Weapon   |     3 |    24 |    51 |    37 ||   115
       Regeneration      |       |    11 |    29 |    20 ||    60
       Blink             |       |       |     2 |       ||     2
       Conjure Flame     |       |       |       |     1 ||     1
Evoke: Wand              |       |     4 |       |     1 ||     5
  Use: Scroll            |       |       |    15 |     4 ||    19
       Potion            |       |       |     1 |     4 ||     5
 Stab: Distracted        |       |       |     5 |     1 ||     6
  Eat: Chunk             |     3 |    14 |    23 |    11 ||    51
Armor: Leather armour    |    26 |    53 |   119 |    88 ||   286
       Steam dragon scal |       |       |     3 |       ||     3
Dodge: Dodged            |    69 |   150 |   168 |   150 ||   537
Block: Buckler           |       |       |    21 |    55 ||    76
       Rpst.: Falchion   |    24 |    48 |       |       ||    72
       Long sword        |       |       |    36 |       ||    36
       Double sword      |       |       |    11 |    36 ||    47
